Map: Dusty Gorge

Players

Coucoute - Winner!

  • Race: Protoss Protoss
  • Spawn Location: 3:00

LeeshinHyung - Winner!

  • Race: Terran Terran
  • Spawn Location: 5:00

sadamanRUS

  • Race: Terran Terran
  • League: Platinum
  • Spawn Location: 9:00

Graun

  • Race: Terran Terran
  • League: Platinum
  • Spawn Location: 11:00

VOD

Have the link to the VOD?

Description

Time

  • Played on: May 9, 2020, 6:14 a.m.
  • Length: 4:10
Show
View Real Time Build Order
Export as new Build Order

Coucoute Protoss - Winner!

Build Orders:  

Get SALT Encoding   

  12  0:01  Probe  
  13  0:13  Probe  
  14  0:19  Pylon  
  14  0:25  Probe (Chrono Boost)  
  15  0:38  Gateway  
  15  0:39  Probe (Chrono Boost)  
  16  0:44  Probe (Chrono Boost)  
  16  0:49  Assimilator  
  17  0:53  Probe  
  17  0:56  Assimilator  
  18  1:05  Probe  
  19  1:13  Gateway  
  19  1:17  Probe  
  20  1:25  Cybernetics Core  
  20  1:29  Probe  
  21  1:38  Pylon  
  21  1:41  Probe  
  22  1:56  Warp Gate (Chrono Boost)  
  22  2:01  Stalker  
  22  2:02  Stalker  
  26  2:12  Robotics Facility  
  26  2:31  Stalker  
  26  2:32  Stalker  
  29  2:40  Gateway  
  29  2:59  Warp Prism (Chrono Boost)  
  31  3:06  Gateway  
  31  3:13  Pylon  
  31  3:21  Pylon  
  31  3:42  Stalker x2  
  31  3:46  Stalker  
Show
View Real Time Build Order
Export as new Build Order

LeeshinHyung Terran - Winner!

Build Orders:  

Get SALT Encoding   

  12  0:01  SCV  
  13  0:13  SCV  
  14  0:19  Supply Depot  
  14  0:25  SCV  
  15  0:29  Refinery  
  15  0:40  SCV  
  16  0:46  Barracks  
  16  0:52  SCV  
  17  1:05  SCV  
  17  1:09  Barracks  
  18  1:17  SCV  
  19  1:24  Barracks  
  19  1:33  Barracks Reactor  
  19  1:37  Refinery  
  19  1:48  Orbital Command  
  19  1:56  Reaper  
  20  2:02  Supply Depot  
  20  2:09  Reaper  
  20  2:10  Reaper  
  22  2:16  Reaper  
  23  2:24  SCV  
  23  2:25  Supply Depot  
  23  2:29  Reaper  
  25  2:36  SCV  
  26  2:41  Reaper  
  27  2:46  Reaper  
  27  2:48  SCV  
  27  2:49  Supply Depot  
  29  2:53  Reaper  
  30  3:00  SCV  
  31  3:06  Reaper  
  32  3:14  Reaper  
  33  3:20  Reaper  
  33  3:31  Reaper  
  33  3:45  Engineering Bay  
Show
View Real Time Build Order
Export as new Build Order

sadamanRUS Terran 

Build Orders:  

Get SALT Encoding   

  12  0:02  SCV  
  13  0:16  Supply Depot  
  13  0:23  Refinery  
  13  0:25  SCV  
  14  0:40  Barracks  
  14  0:44  SCV  
  15  1:02  Barracks  
  15  1:05  SCV  
  16  1:22  Barracks  
  16  1:27  Reaper  
  17  1:40  Supply Depot  
  17  1:49  Reaper  
  17  1:53  Refinery  
  18  1:59  Reaper  
  19  2:02  SCV  
  20  2:08  Reaper  
  21  2:17  SCV  
  21  2:21  Reaper  
  23  2:28  Supply Depot  
  23  2:33  Reaper  
  24  2:45  Reaper  
  25  2:54  Reaper  
  26  2:58  Orbital Command  
  25  3:33  Reaper  
  24  3:51  Barracks Tech Lab  
Show
View Real Time Build Order
Export as new Build Order

Graun Terran 

Build Orders:  

Get SALT Encoding   

  12  0:01  SCV  
  13  0:13  SCV  
  14  0:18  Supply Depot  
  14  0:26  SCV  
  15  0:30  Refinery  
  15  0:40  SCV  
  16  0:49  Barracks  
  16  0:53  SCV  
  17  1:04  Barracks  
  17  1:10  SCV  
  18  1:22  SCV  
  19  1:34  Barracks  
  19  1:35  SCV  
  20  1:41  Supply Depot  
  20  1:43  Barracks Reactor  
  20  1:47  SCV  
  21  2:00  SCV  
  22  2:01  Ghost Academy  
  22  2:04  Barracks Tech Lab  
  22  2:20  Orbital Command  
  22  2:22  Marine x2  
  23  2:25  Marine  
  25  2:36  Ghost  
  27  2:42  Marine  
  28  2:50  Marine  
  29  2:54  Supply Depot  
  29  2:59  Barracks Tech Lab  
  29  3:01  Reaper  
  29  3:04  SCV  
  31  3:16  Marine  
  30  3:28  Marine, Marauder  
  30  3:32  Marine  
  31  3:35  Marauder  
  31  3:49  Barracks  
  31  3:50  Barracks  
  31  3:51  Barracks  
  31  3:52  Refinery  
Tags
 
Add a new tag
Caveats
  • Supply blocks, unpowered buildings, or Contaminate may cause inaccurate times.
  • Supply counts are checked every 10 seconds.